 Dungeon Crawl Stone Soup version 0.26-a0-652-gafc20e3620 (webtiles) character file.

Game seed: 10173748783910563978

291 DogServant the Reanimator (level 6, -1/44 HPs)
             Began as a Gnoll Wanderer on Oct 3, 2020.
             Was an Initiate of Cheibriados.
             Slain by an ogre
             ... wielding a +0 giant club
              (21 damage)
             ... on level 4 of the Dungeon.
             The game lasted 00:06:29 (3603 turns).

DogServant the Reanimator (Gnoll Wanderer)          Turns: 3603, Time: 00:06:30

Health: -1/44      AC: 11    Str: 15    XL:     6   Next: 32%
Magic:  8/8        EV:  7    Int: 16    God:    Cheibriados [......]
Gold:   197        SH:  0    Dex: 17    Spells: 2/8 levels left

rFire    . . .     SeeInvis .   a - +2 spear
rCold    . . .     Faith    .   (no shield)
rNeg     . . .     Spirit   .   u - +0 chain mail
rPois    .         Reflect  .   (helmet restricted)
rElec    .         Harm     .   j - +2 cloak
rCorr    .         Rampage  .   (no gloves)
MR       ++...                  (no boots)
Stlth    ..........             (no amulet)
HPRegen  0.14/turn              n - ring of protection from magic
MPRegen  0.11/turn              o - ring of protection from magic

@: very slow
A: distributed training, antennae 1, fangs 1, deterioration 1, wild magic 1,
MP-powered wands, strong nose
a: Bend Time, Renounce Religion


You were on level 4 of the Dungeon.
You worshipped Cheibriados.
Cheibriados was noncommittal.
You visited 2 branches of the dungeon, and saw 5 of its levels.

You collected 197 gold pieces.

Inventory:

Hand Weapons
 a - a +2 spear (weapon)
 e - a +0 dagger
Armour
 d - a +0 robe
 j - a +2 cloak (worn)
 u - a +0 chain mail (worn)
Jewellery
 n - a ring of protection from magic (left hand)
 o - a ring of protection from magic (right hand)
 w - an uncursed ring of magical power {unknown}
Scrolls
 b - 3 scrolls of remove curse
 c - a scroll of enchant weapon {unknown}
 g - 2 scrolls of magic mapping {unknown}
 h - 2 scrolls of random uselessness {unknown}
 i - 2 scrolls of immolation {unknown}
 l - 3 scrolls of amnesia {unknown}
 m - 2 scrolls of teleportation {unknown}
 v - 2 scrolls of identify
Potions
 f - 3 potions of heal wounds
 k - a potion of flight {unknown}
 p - 2 potions of haste
 q - a potion of brilliance {unknown}
 r - a potion of might {unknown}
 s - a potion of cancellation {unknown}
 t - a potion of degeneration {unknown}
 x - a potion of berserk rage {unknown}


   Skills:
 + Level 1.9 Fighting
 + Level 1.9 Short Blades
 + Level 1.9 Long Blades
 + Level 1.9 Axes
 + Level 1.9 Maces & Flails
 + Level 5.0 Polearms
 + Level 1.9 Staves
 + Level 1.9 Slings
 + Level 1.9 Bows
 + Level 1.9 Crossbows
 + Level 1.9 Throwing
 + Level 1.9 Armour
 + Level 1.9 Dodging
 + Level 4.6 Stealth
 + Level 3.2 Shields
 + Level 1.9 Unarmed Combat
 + Level 1.9 Spellcasting
 + Level 1.5 Conjurations
 + Level 1.5 Hexes
 + Level 1.5 Summonings
 + Level 8.9 Necromancy
 + Level 1.5 Translocations
 + Level 1.5 Transmutations
 + Level 1.5 Fire Magic
 + Level 1.5 Ice Magic
 + Level 1.5 Air Magic
 + Level 1.5 Earth Magic
 + Level 1.5 Poison Magic
 + Level 2.1 Invocations
 + Level 1.9 Evocations


You had 2 spell levels left.
You knew the following spells:

 Your Spells              Type           Power        Failure   Level
a - Beastly Appendage     Tmut           #.....       96%         1
b - Corpse Rot            Necr/Air       N/A          71%         2
c - Spider Form           Tmut/Pois      #.........   100%        3

Your spell library contained the following spells:

 Spells                   Type           Power        Failure   Level
 Sublimation of Blood     Necr           #####.....   24%         2
 Summon Small Mammal      Summ           #...         96%         1
 Call Imp                 Summ           #.......     99%         2
 Call Canine Familiar     Summ           #.......     100%        3
 Confusing Touch          Hex            #.......     100%        3
 Gell's Gravitas          Tloc           #.........   100%        3
 Summon Guardian Golem    Hex/Summ       #.......     100%        3
 Petrify                  Tmut/Erth      #.......     100%        4
 Summon Ice Beast         Ice/Summ       #.......     100%        4
 Summon Lightning Spire   Summ/Air       #.......     100%        4
 Metabolic Englaciation   Hex/Ice        #.........   100%        5
 Yara's Violent Unravell  Hex/Tmut       #.........   100%        5


Dungeon Overview and Level Annotations

Branches:
Dungeon (4/15)             Temple (1/1) D:4

Altars:
Cheibriados
Dithmenos
Elyvilon
Fedhas
Gozag
Hepliaklqana
Kikubaaqudgha
Makhleb
Nemelex Xobeh
Okawaru
Qazlal
Ru
Sif Muna
Trog
Uskayaw
Vehumet
Wu Jian
Xom
Yredelemnul
Zin
The Shining One


Innate Abilities, Weirdness & Mutations

Your experience applies equally to all skills.
You have very sharp teeth.
Your uncanny sense of smell can sniff out nearby items.
You have a pair of small antennae on your head.
Your body sometimes deteriorates upon taking damage.
Your spells are a little harder to cast, but a little more powerful.
You expend magic power (3 MP) to strengthen your wands.


Message History

You barely miss the ogre. You punch the ogre, but do no damage.
The ogre is severely wounded.
The ogre barely misses you.
You hit the ogre.
The ogre is severely wounded.
The ogre hits you with a +0 giant club!
You are too injured to fight recklessly!
You are too injured to fight recklessly!
You are too injured to fight recklessly!
You are too injured to fight recklessly!
You are too injured to fight recklessly!
You hit the ogre.
The ogre is severely wounded.
You hit the ogre but do no damage. Your bite misses the ogre.
The ogre is severely wounded.
The ogre barely misses you.
You barely miss the ogre. You bite the ogre, but do no damage.
The ogre is severely wounded.
The ogre hits you with a +0 giant club!!
You die...

#####.....###.........###.##
#.........#...#...>..#.#....
#.##...##.#.###......##.####
######[##...##...#
#......####
................## #.#....#
#####.....>.....# #.##.#.#
#...........# ...#.#.#
#..##...##..##......#.#
##.##...##..@O......#.#
#.........#.#.....##.#
#########.>........ .#
#.#.###.### #.#... # #.#..#
# ### #.#..# # #.. #..# #
#.# #..# #


You could see an ogre.

Vanquished Creatures
  A water moccasin zombie (D:3)
  A scorpion (D:4)
  A bullfrog skeleton (D:4)
  An iguana (D:4)
  6 adders
  2 oozes
  4 worms
  A dart slug (D:3)
  A leopard gecko (D:2)
  3 giant cockroaches
  5 goblins
  4 hobgoblins
  2 jackals (D:1)
  7 kobolds
  2 quokkas (D:3)
  13 bats
  7 frilled lizards
  8 rats
69 creatures vanquished.

Notes
Turn   | Place    | Note
-------+----------+-------------------------------------------
     0 | D:1      | DogServant the Gnoll Wanderer began the quest for the Orb.
     0 | D:1      | DogServant set off with the following items: a +2 spear, a
                  | +0 robe, a +0 dagger; and the following spell memorised:
                  | Beastly Appendage; and the following spells available to
                  | memorise: Sublimation of Blood, Corpse Rot, Spider Form
     0 | D:1      | Reached XP level 1. HP: 13/13 MP: 1/1
    68 | D:1      | Reached XP level 2. HP: 19/19 MP: 2/2
   647 | D:2      | Reached XP level 3. HP: 24/25 MP: 3/3
   976 | D:2      | Reached skill level 1 in Invocations
  1134 | D:2      | Reached skill level 1 in Fighting
  1134 | D:2      | Reached skill level 1 in Short Blades
  1134 | D:2      | Reached skill level 1 in Long Blades
  1134 | D:2      | Reached skill level 1 in Axes
  1134 | D:2      | Reached skill level 1 in Maces & Flails
  1134 | D:2      | Reached skill level 1 in Staves
  1134 | D:2      | Reached skill level 1 in Slings
  1134 | D:2      | Reached skill level 1 in Bows
  1134 | D:2      | Reached skill level 1 in Crossbows
  1134 | D:2      | Reached skill level 1 in Throwing
  1134 | D:2      | Reached skill level 1 in Armour
  1134 | D:2      | Reached skill level 1 in Dodging
  1134 | D:2      | Reached skill level 1 in Unarmed Combat
  1134 | D:2      | Reached skill level 1 in Spellcasting
  1134 | D:2      | Reached skill level 1 in Evocations
  1134 | D:2      | Reached XP level 4. HP: 29/32 MP: 5/5
  1138 | D:2      | Learned a level 2 spell: Corpse Rot
  1621 | D:3      | Reached skill level 1 in Conjurations
  1621 | D:3      | Reached skill level 1 in Hexes
  1621 | D:3      | Reached skill level 1 in Summonings
  1621 | D:3      | Reached skill level 1 in Translocations
  1621 | D:3      | Reached skill level 1 in Transmutations
  1621 | D:3      | Reached skill level 1 in Fire Magic
  1621 | D:3      | Reached skill level 1 in Ice Magic
  1621 | D:3      | Reached skill level 1 in Air Magic
  1621 | D:3      | Reached skill level 1 in Earth Magic
  1621 | D:3      | Reached skill level 1 in Poison Magic
  1863 | D:3      | Found a faded altar of an unknown god.
  2043 | D:3      | Reached XP level 5. HP: 15/37 MP: 4/7
  2048 | D:3      | Learned a level 3 spell: Spider Form
  2723 | D:4      | Gained mutation: You have a pair of small antennae on your
                  | head. [potion of mutation]
  2723 | D:4      | Gained mutation: Your body sometimes deteriorates upon
                  | taking damage. [potion of mutation]
  2723 | D:4      | Gained mutation: Your spells are a little harder to cast,
                  | but a little more powerful. [potion of mutation]
  2723 | D:4      | Gained mutation: You expend magic power (3 MP) to
                  | strengthen your wands. [potion of mutation]
  2769 | D:4      | Reached XP level 6. HP: 44/44 MP: 1/8
  2930 | D:4      | Found a staircase to the Ecumenical Temple.
  3006 | Temple   | Entered the Ecumenical Temple
  3239 | Temple   | Became a worshipper of Cheibriados the Contemplative
  3426 | D:4      | Reached skill level 5 in Polearms
  3603 | D:4      | Slain by an ogre

Illustrated notes

Levels and vault maps discovered:
D:1:      mushboom_english_gardens, layout_loops_cross, kennysheep_pointless_box
D:2:      layout_loops_ring, minmay_pentomino_pile
D:3:      layout_loops_ring, chequers_ecumenical_altar_island,
          chequers_serial_rivers_micro_a, minmay_statues_item
D:4:      layout_loops_ring, minmay_temple_entry_stoned_glass
Temple:   roderic_octagonal_lattice_temple

Skill      XL: |  1  2  3  4  5  6 |
---------------+-------------------+-----
Invocations    | 1 2 |  2.1
Fighting       | 1 |  1.9
Short Blades   | 1 |  1.9
Long Blades    | 1 |  1.9
Axes           | 1 |  1.9
Maces & Flails | 1 |  1.9
Staves         | 1 |  1.9
Slings         | 1 |  1.9
Bows           | 1 |  1.9
Crossbows      | 1 |  1.9
Throwing       | 1 |  1.9
Armour         | 1 |  1.9
Dodging        | 1 |  1.9
Unarmed Combat | 1 |  1.9
Spellcasting   | 1 |  1.9
Evocations     | 1 |  1.9
Conjurations   | 1 |  1.5
Hexes          | 1 |  1.5
Summonings     | 1 |  1.5
Translocations | 1 |  1.5
Transmutations | 1 |  1.5
Fire Magic     | 1 |  1.5
Ice Magic      | 1 |  1.5
Air Magic      | 1 |  1.5
Earth Magic    | 1 |  1.5
Poison Magic   | 1 |  1.5
Shields        | 3 |  3.2
Polearms       | 5 |  5.0
Stealth        | |  4.6
Necromancy     | |  8.9

Action                   |  1- 3 |  4- 6 || total
-------------------------+-------+-------++-------
Melee: Spear             |    93 |   144 ||   237
       Bite              |     9 |     8 ||    17
       Kick              |     3 |     4 ||     7
       Headbutt          |     4 |     2 ||     6
       Punch             |       |     1 ||     1
 Cast: Beastly Appendage |     6 |     4 ||    10
  Use: Scroll            |       |     4 ||     4
       Potion            |       |     1 ||     1
 Stab: Sleeping          |    11 |     9 ||    20
Armor: Robe              |    15 |    19 ||    34
       Chain mail        |       |    20 ||    20
Dodge: Dodged            |    28 |    37 ||    65

Table legend: (Time is in decaauts)
 A = Elapsed time spent in this place.
 B = Non-inter-level travel time spent in this place.
 C = Inter-level travel time spent in this place.
 D = Time resting spent in this place.
 E = Time spent auto-exploring this place.
 F = Levels seen in this place.
 G = Mean time per level.
                   A        B        C        D        E       F      G
               +--------+--------+--------+--------+--------+-----+--------+
         Total |   3653 |   3483 |    170 |      0 |   2952 |   5 |  730.6 |
       Dungeon |   3399 |   3273 |    126 |      0 |   2746 |   4 |  849.8 |
        Temple |    253 |    210 |     43 |      0 |    206 |   1 |  253.0 |
               +--------+--------+--------+--------+--------+-----+--------+

Top non-repeatable levels by time:
     D:3: 1023 daAuts
     D:2: 950 daAuts
     D:4: 790 daAuts
     D:1: 635 daAuts
  Temple: 253 daAuts
